 Dungeon Crawl Stone Soup version 0.30.0-29-ga12c61a403 (webtiles) character file.

Game seed: 2656197600644126718

4450 Fecro the Unseen (level 10, 0/47 (49) HPs)
             Began as a Spriggan Brigand on June 21, 2023.
             Was a Believer of Dithmenos.
             Slain by an orc warrior
             ... wielding a +0 war axe
              (13 damage)
             ... on level 7 of the Dungeon.
             The game lasted 00:43:20 (9563 turns).

Fecro the Unseen (Spriggan Brigand)                 Turns: 9563, Time: 00:43:20

HP:   0/47 (49)     AC:  4    Str:  7    XL:     10   Next: 15%
MP:   11/11         EV: 26    Int: 12    God:    Dithmenos [**....]
Gold: 291           SH:  0    Dex: 22    Spells: 9/9 levels left

rFire   + . .        a - +4 dagger
rCold   + . .        (no shield)
rNeg    . . .        b - +0 robe {rC+ rF+}
rPois   .            x - +1 hat
rElec   .            c - +0 cloak
rCorr   .            (gloves unavailable)
SInv    +            (boots unavailable)
Will    +....        (no amulet)
Stlth   ++++++++     r - +5 ring of evasion
HPRegen 0.27/turn    (no ring)
MPRegen 0.12/turn

%: no passive effects
@: about to teleport, wreathed by umbra, studying Unarmed Combat, lightly
drained, very quick
A: very small, no large weapons, unfitting armour, see invisible, speed 3
a: Renounce Religion, Shadow Step


You were on level 7 of the Dungeon.
You worshipped Dithmenos.
Dithmenos was pleased with you.
You visited 2 branches of the dungeon, and saw 9 of its levels.
You also visited: Sewer.

You collected 291 gold pieces.

Inventory:

Hand Weapons
 a - a +4 dagger (weapon)
 i - a +0 shortbow
Missiles
 e - 16 poisoned darts (quivered)
 k - a throwing net
 y - 37 stones
Armour
 b - a +0 robe of resistance (worn)
 c - a +0 cloak (worn)
 x - a +1 hat (worn)
Jewellery
 r - a +5 ring of evasion (left hand)
 K - a +6 ring of intelligence
Wands
 q - a wand of quicksilver (8)
 E - a wand of polymorph (8)
 F - a wand of roots (6)
Scrolls
 d - a scroll of butterflies {unknown}
 f - 5 scrolls of fear {unknown}
 j - 13 scrolls of identify {unknown}
 n - 3 scrolls of vulnerability {unknown}
 o - 2 scrolls of amnesia {unknown}
 p - 4 scrolls of teleportation
 s - 2 scrolls of brand weapon {unknown}
 t - 2 scrolls of noise {unknown}
 w - a scroll of fog {unknown}
 B - a scroll of magic mapping {unknown}
 J - 2 scrolls of torment {unknown}
 M - a scroll of silence {unknown}
 N - 2 scrolls of immolation {unknown}
Potions
 g - 5 potions of curing {unknown}
 h - 5 potions of heal wounds {unknown}
 l - 3 potions of magic {unknown}
 m - a potion of lignification {unknown}
 u - 2 potions of ambrosia {unknown}
 v - 3 potions of haste {unknown}
 z - a potion of resistance
 A - 4 potions of mutation {unknown}
 D - 3 potions of degeneration {unknown}
 G - a potion of flight {unknown}
 H - a potion of attraction {unknown}
 I - a potion of might {unknown}
 L - a potion of brilliance {unknown}
Miscellaneous
 C - a box of beasts


   Skills:
 + Level 3.5 Fighting
 + Level 5.8 Short Blades
 + Level 5.2 Ranged Weapons
 * Level 6.4 Throwing
 + Level 5.7 Dodging
 * Level 15.7 Stealth
 + Level 0.3 Evocations


You had 9 spell levels left.
You didn't know any spells.
Your spell library contained the following spells:

 Spells                   Type           Power      Damage    Failure   Level
 Ensorcelled Hibernation  Hex/Ice        0%         N/A       45%         2
 Passwall                 Tmut/Erth      0%         N/A       45%         2
 Dazzling Flash           Conj/Hex       0%         N/A       69%         3
 Portal Projectile        Hex/Tloc       0%         N/A       69%         3
 Swiftness                Air            0%         N/A       69%         3
 Tukima's Dance           Hex            0%         N/A       69%         3
 Anguish                  Hex/Necr       0%         N/A       97%         4
 Cause Fear               Hex            0%         N/A       97%         4
 Agony                    Necr           0%         N/A       100%        5
 Blade Hands              Tmut           0%         N/A       100%        5
 Silence                  Hex/Air        0%         N/A       100%        5
 Enfeeble                 Hex            0%         N/A       100%        7


Dungeon Overview and Level Annotations

Branches:
Dungeon (8/15)             Temple (1/1) D:5           Sewer (visited)
   Lair: D:8-11

Altars:
Dithmenos
Elyvilon
Fedhas
Gozag
Nemelex Xobeh
Qazlal
Ru
Trog
Vehumet
Xom
The Shining One

Shops:
D:5 [

Annotations:
D:4 2 transporters, 2 runed translucent doors, Radiant's ghost, amateur DrCj


Innate Abilities, Weirdness & Mutations

You are very small and have problems with some larger weapons.
You are too small for most types of armour.
You have supernaturally acute eyesight. (SInv)
You cover ground extremely quickly. (Speed+++)


Message History

You closely miss the wight.
The wight is moderately damaged.
The wight completely misses you.
You hit the wight.
The wight is heavily damaged.
The wight closely misses you.
An orc priest comes into view. It is wielding a +0 whip.
You closely miss the wight.
The wight is heavily damaged.
An orc comes into view. It is wielding a +0 hand axe.
The wight misses you.
The orc priest shouts!
There is a stone staircase leading up here.
The wight misses you.
The orc drinks a potion.
The orc suddenly seems more resistant.
The orc priest invokes the aid of Beogh against you.
Beogh smites you!
You climb upwards.
There is a stone staircase leading down here.
You climb downwards.
The orc completely misses you. The wight misses you.
The orc completely misses you. The wight completely misses you.
The orc warrior misses you.
There is a stone staircase leading up here.
The orc completely misses you.
The orc warrior hits you with a +0 war axe!
The wight completely misses you.
You climb upwards.
There is a stone staircase leading down here.
As you read the scroll of teleportation, it crumbles to dust.
You feel strangely unstable. The orc warrior barely misses you.
The wight hits you with a +0 halberd.
You feel drained. The orc closely misses you.
There are monsters nearby!
There are monsters nearby!
There are monsters nearby!
The orc warrior closely misses you. The wight hits you with a +0 halberd.
* * * LOW HITPOINT WARNING * * *
The orc completely misses you.
The orc warrior hits you with a +0 war axe!
You die...

#....# #........ #....#
#........ #....###
##....... #......#
#....##. ##......#####
#.###### #..##.#.....##
#.# #
#.###.##.....###.## #
##.# #o####........###
#..# #o@# #####......###
#.## ##z# ##......## #.#
#.# ##........ #.# #[##
#......... #.# #..#
#.#.....#. #z#
##)######.#....... #.#
#.##...........## #.#
#.##.........####
#.######.##...........##


You could see an orc warrior, a wight and an orc (resistant).

Vanquished Creatures
  Pikel (D:4)
  Grinder (D:3)
  A wyvern (D:4)
  5 yaks
  Eustachio (D:4)
  Pargi (D:5)
  2 ice beasts
  A sky beast (D:6)
  3 black bears
  2 centaurs (D:7)
  2 phantoms (D:6)
  A kobold brigand (D:7)
  A gnoll sergeant (D:5)
  A scorpion (D:4)
  9 wights
  2 howler monkeys (D:7)
  6 orc priests
  3 hounds
  3 jellies
  Crazy Yiuf (D:3)
  A gnoll bouda (D:8)
  4 iguanas
  2 sleepcaps
  Natasha (twice) (D:2)
  5 orc wizards
  Robin (D:2)
  7 gnolls
  13 adders
  A river rat (Sewer)
  2 shadow imps
  2 ufetubi
  A worm (D:4)
  A dart slug (D:4)
  34 orcs
  10 ball pythons
  5 endoplasms
  5 giant cockroaches
  19 goblins
  5 hobgoblins
  2 jackals (D:3)
  10 kobolds
  9 quokkas
  5 bats
  6 frilled lizards
  8 rats
207 creatures vanquished.

Notes
Turn   | Place    | Note
-------+----------+-------------------------------------------
     0 | D:1      | Fecro the Spriggan Brigand began the quest for the Orb.
     0 | D:1      | Reached XP level 1. HP: 10/10 MP: 2/2
    55 | D:1      | Reached skill level 6 in Stealth
   244 | D:1      | Reached XP level 2. HP: 10/14 MP: 3/3
   703 | D:1      | Reached skill level 7 in Stealth
   836 | D:2      | Reached XP level 3. HP: 18/18 MP: 4/4
  1237 | D:2      | Found a bloodstained altar of Trog.
  1249 | D:2      | Noticed Robin
  1419 | D:2      | Killed Robin
  1420 | D:2      | Reached XP level 4. HP: 23/23 MP: 5/5
  1760 | D:2      | Noticed Natasha
  1764 | D:2      | Killed Natasha
  1865 | D:2      | Noticed Natasha
  2074 | D:2      | Killed Natasha
  2075 | D:2      | Reached skill level 8 in Stealth
  2258 | D:3      | Noticed Grinder
  2337 | D:3      | Reached XP level 5. HP: 26/26 MP: 6/6
  2418 | D:3      | Killed Grinder
  2419 | D:3      | Reached skill level 9 in Stealth
  2419 | D:3      | Reached XP level 6. HP: 30/30 MP: 7/7
  2429 | D:3      | Identified the +2 quarterstaff "Ducatosedgh" {heavy,
                  | Fragile rElec rC+++}
  3342 | D:3      | Found a runed translucent door.
  3343 | D:3      | Noticed Crazy Yiuf
  3384 | D:3      | Killed Crazy Yiuf
  3385 | D:3      | Reached XP level 7. HP: 35/35 MP: 8/8
  3699 | D:4      | Noticed Eustachio
  3701 | D:4      | Killed Eustachio
  3702 | D:4      | Reached skill level 10 in Stealth
  3770 | D:4      | Found a transporter.
  3770 | D:4      | Noticed Radiant's ghost (amateur DrCj)
  3775 | D:4      | Found a transporter.
  3922 | D:4      | Found a large runed translucent door.
  3922 | D:4      | Found a large runed translucent door.
  3934 | D:4      | Found a large runed translucent door.
  3934 | D:4      | Found a large runed translucent door.
  4013 | D:4      | Reached skill level 11 in Stealth
  4078 | D:4      | Noticed Pargi
  4549 | D:4      | Noticed Pikel
  4552 | D:4      | Killed Pikel
  4553 | D:4      | Reached skill level 12 in Stealth
  4553 | D:4      | Reached XP level 8. HP: 39/39 MP: 9/9
  4557 | D:4      | Reached skill level 5 in Short Blades
  4572 | D:4      | Reached skill level 5 in Throwing
  4572 | D:4      | Reached skill level 13 in Stealth
  4858 | D:5      | Entered Level 5 of the Dungeon
  4858 | D:5      | Found Emuile Ysyd's Antique Armour Boutique.
  4883 | D:5      | Reached skill level 14 in Stealth
  5110 | D:4      | Reached skill level 1 in Ranged Weapons
  5110 | D:4      | Reached XP level 9. HP: 35/43 MP: 10/10
  5603 | D:5      | Found a staircase to the Ecumenical Temple.
  5628 | D:5      | Killed Pargi
  5683 | Temple   | Entered the Ecumenical Temple
  5691 | Temple   | Became a worshipper of Dithmenos the Shadowed
  6084 | D:5      | Identified the +5 flail "Hagol" {heavy, Str+6}
  7207 | D:6      | Reached skill level 5 in Dodging
  7267 | D:6      | Reached * piety under Dithmenos
  7268 | D:6      | Reached skill level 15 in Stealth
  7357 | D:6      | Found a glowing drain.
  7362 | Sewer    | Entered a sewer
  8977 | D:7      | Reached XP level 10. HP: 49/49 MP: 11/11
  9199 | D:7      | Reached ** piety under Dithmenos
  9200 | D:7      | Reached skill level 5 in Ranged Weapons
  9563 | D:7      | Slain by an orc warrior

Illustrated notes

Levels and vault maps discovered:
D:1:      onia_arrival_pentagram, layout_basic
D:2:      layout_basic, basic_altar, minmay_misc_feat_hallway, uniq_natasha,
          uniq_robin
D:3:      layout_basic, uniq_grinder, uniq_crazy_yiuf_cottage
D:4:      layout_loops_ring, gammafunk_ghost_mausoleum,
          minmay_hollow_rounded_squares, uniq_pikel, uniq_eustachio, uniq_pargi
D:5:      layout_loops_corners, minmay_temple_entry_slanted, serial_shops,
          nicolae_stop_n_shop_2
D:6:      layout_rooms, portal_sewer_entry_e
D:7:      layout_rooms
D:8:      layout_rooms, uniq_gastronok, uniq_erica
Temple:   compressed_dpeg_triangle_lava_temple

Skill      XL: |  1  2  3  4  5  6  7  8  9 10 |
---------------+-------------------------------+-----
Stealth        | 6 7 8 9 12 14 15 | 15.7
Short Blades   | 3 4 5 |  5.8
Dodging        | 2 3 4 5 |  5.7
Fighting       | 2 3 |  3.5
Throwing       | 3 4 5 6 |  6.4
Ranged Weapons | 1 4 5 |  5.2
Evocations     | |  0.3

Action                     |  1- 3 |  4- 6 |  7- 9 | 10-12 || total
---------------------------+-------+-------+-------+-------++-------
  Melee: Dagger            |   127 |   172 |   308 |    33 ||   640
         Punch             |     1 |     2 |     4 |       ||     7
   Fire: Sling             |       |       |   182 |       ||   182
         Shortbow          |       |       |    12 |    50 ||    62
  Throw: Dart              |     6 |    23 |    25 |     2 ||    56
  Evoke: Box of beasts     |       |       |     1 |       ||     1
         Wand              |       |       |       |     5 ||     5
    Use: Scroll            |       |       |     1 |     1 ||     2
   Stab: Sleeping          |    11 |    10 |    39 |       ||    60
         Distracted        |       |     1 |     1 |       ||     2
 Armour: Robe              |     9 |    13 |    18 |     2 ||    42
  Dodge: Dodged            |    71 |    99 |   262 |    80 ||   512
